 Dungeon Crawl Stone Soup version 0.31-a0-426-g3a05650e59 (webtiles) character file.

Game seed: 883272877110728135

216100 garrulousMonolith the Peltast (level 19, -5/125 HPs)
             Began as a Gargoyle Fighter on July 30, 2023.
             Was the Champion of the Shining One.
             Shot with an arrow by a satyr (16 damage)
             ... on level 4 of the Shoals on July 31, 2023.
             The game lasted 00:51:02 (30566 turns).

garrulousMonolith the Peltast (Gargoyle Fighter)   Turns: 30566, Time: 00:51:03

Health: -5/125     AC: 48    Str: 24    XL:     19   Next: 4%
Magic:  3/30       EV:  7    Int: 13    God:    the Shining One [******]
Gold:   323        SH: 26    Dex: 17    Spells: 17/18 levels left

rFire   + + .        a - +4 eveningstar (flame)
rCold   + + .        L - +0 tower shield {AC+3}
rNeg    + + +        d - +3 gold dragon scales
rPois   ∞            e - +2 helmet of Xaiquf {Regen+ Str+2}
rElec   +            i - scarf {rC+ rF+}
rCorr   +            U - +0 pair of gloves
SInv    +            D - +0 pair of boots
Will    ++...        f - amulet of Zulimaq {Reflect Rampage Will+ SH+5 SInv} Stlth
                     j - ring of Patid {+Blink rCorr Dex+6 Stlth+}
HPRegen 1.20/turn    h - +4 ring of slaying
MPRegen 0.22/turn

%: reflection, rampage
@: marked, spiked, flying, glowing
A: sickness immunity, AC +14, big wings, negative energy resistance 1,
electricity resistance, torment resistance 1, petrification resistance
}: 1/15 runes: serpentine
a: Renounce Religion, Evoke Blink, Divine Shield, Cleansing Flame, Summon Divine
Warrior, Brand Weapon With Holy Wrath


You were on level 4 of the Shoals.
You worshipped the Shining One.
The Shining One was exalted by your worship.
You visited 6 branches of the dungeon, and saw 31 of its levels.
You visited 1 bazaar.
You also visited: Bailey and Ice Cave.

You collected 4476 gold pieces.
You spent 4139 gold pieces at shops.
You donated 14 gold pieces to Zin.

Inventory:

Hand Weapons
 a - a +4 eveningstar of flaming (weapon)
 O - the +6 mace of Dissent {protect, Stlth+}
   (You found it on level 5 of the Lair of Beasts)

   Stlth:     It makes you more stealthy.
 W - the +8 morningstar "Lejadi" {heavy, Will++ Str-5 Int+3}
   (You bought it in a shop in a bazaar)

   Str:       It affects your strength (-5).
   Int:       It affects your intelligence (+3).
   Will:      It greatly increases your willpower.
Missiles
 g - 7 datura-tipped darts
 y - 18 poisoned darts (quivered)
 B - 3 curare-tipped darts
 E - 10 throwing nets
 H - 4 silver javelins
Armour
 d - +3 gold dragon scales (worn)
 e - the +2 helmet of Xaiquf (worn) {Regen+ Str+2}
   (You found it on level 4 of the Dungeon)

   Str:       It affects your strength (+2).
   Regen:     It increases your rate of health regeneration.
 i - a scarf of resistance (worn)
 D - a +0 pair of boots (worn)
 L - a +0 tower shield of protection (worn)
 U - a +0 pair of gloves (worn)
Jewellery
 f - the amulet of Zulimaq (around neck) {Reflect Rampage Will+ SH+5 SInv}
   (You found it on level 15 of the Dungeon)

   [amulet of reflection]

   It reflects blocked missile attacks.
   SInv:      It lets you see invisible.
   SH:        It affects your SH (+5).
   Rampage:   It bestows one free step when moving towards enemies.
   Will:      It increases your willpower.
 h - a +4 ring of slaying (right hand)
 j - the ring of Patid (left hand) {+Blink rCorr Dex+6 Stlth+}
   (You bought it in a shop on level 2 of the Orcish Mines)

   [ring of dexterity]

   Dex:       It affects your dexterity (+6).
   +Blink:    It lets you blink.
   rCorr:     It protects you from acid and corrosion.
   Stlth:     It makes you more stealthy.
 w - a ring of wizardry
 C - a +6 ring of strength
 S - a +5 ring of evasion
Talismans
 T - a dragon-blood talisman
Wands
 c - a wand of paralysis (24)
 x - a wand of polymorph (4)
 A - a wand of flame (31)
 M - a wand of roots (8)
 V - a wand of digging (19)
 Y - a wand of light (4)
 Z - a wand of mindburst (11)
Scrolls
 k - 3 scrolls of blinking
 l - 4 scrolls of silence
 m - 3 scrolls of enchant armour
 n - 13 scrolls of teleportation
 p - 5 scrolls of poison
 q - 3 scrolls of summoning
 r - 2 scrolls of fear
 s - 6 scrolls of revelation
 t - 5 scrolls of amnesia
 G - 9 scrolls of identify
 K - 7 scrolls of fog
Potions
 u - a potion of magic
 v - a potion of resistance
 z - 5 potions of mutation
 F - 4 potions of ambrosia
 I - 5 potions of curing
 J - a potion of heal wounds
 N - a potion of brilliance
 P - 6 potions of might
 Q - a potion of haste
 R - 3 potions of enlightenment
 X - a potion of berserk rage
Miscellaneous
 b - a condenser vane (inert)
 o - a lightning rod (2/4)


   Skills:
 + Level 16.2 Fighting
 - Level 16.0 Maces & Flails
 + Level 16.3 Armour
 + Level 6.5 Dodging
 * Level 17.6 Shields
 + Level 15.5 Invocations


You had 17 spell levels left.
You knew the following spells:

 Your Spells              Type           Power      Damage    Failure   Level
a - Apportation           Tloc           0%         N/A       100%        1

Your spell library contained the following spells:

 Spells                   Type           Power      Damage    Failure   Level
 Necrotise                Necr           0%         1d4       100%        1
 Slow                     Hex            0%         N/A       100%        1
 Summon Small Mammal      Summ           0%         N/A       100%        1
 Momentum Strike          Conj/Tloc      0%         3d8       100%        2
 Static Discharge         Conj/Air       0%         2-2/arc   100%        2
 Wereblood                Tmut           0%         N/A       100%        2
 Confusing Touch          Hex            0%         N/A       100%        3
 Dazzling Flash           Conj/Hex       0%         N/A       100%        3
 Hailstorm                Conj/Ice       0%         3d3       100%        3
 Ignite Poison            Fire/Tmut/Pois 0%         N/A       100%        3
 Ozocubu's Armour         Ice            0%         N/A       100%        3
 Tukima's Dance           Hex            0%         N/A       100%        3
 Vampiric Draining        Necr           0%         2d6       100%        3
 Airstrike                Air            0%         2d(0-16)  100%        4
 Passage of Golubria      Tloc           0%         N/A       100%        4
 Sticky Flame             Conj/Fire      0%         2d3       100%        4
 Summon Ice Beast         Ice/Summ       0%         N/A       100%        4
 Summon Lightning Spire   Summ/Air       0%         N/A       100%        4
 Agony                    Necr           0%         N/A       100%        5
 Irradiate                Conj/Tmut      0%         3d11      100%        5
 Iskenderun's Battlesphe  Conj           0%         2d6       100%        5
 Metabolic Englaciation   Hex/Ice        0%         N/A       100%        5
 Silence                  Hex/Air        0%         N/A       100%        5
 Yara's Violent Unravell  Hex/Tmut       0%         3d3       100%        5
 Simulacrum               Ice/Necr       0%         N/A       100%        6
 Ignition                 Fire           0%         3d3       100%        8
 Lehudib's Crystal Spear  Conj/Erth      0%         10d2      100%        8


Dungeon Overview and Level Annotations

Branches:
Dungeon (15/15)            Temple (1/1) D:4            Lair (5/5) D:11
 Shoals (4/4) Lair:2        Snake (4/4) Lair:2        Slime (0/5) Lair:4
    Orc (2/2) D:10            Elf (0/3) Orc:2        Vaults (0/5) D:14
 Depths (0/4) D:15         Bailey (visited)           IceCv (visited)

Altars:
Ashenzari
Dithmenos
Elyvilon
Fedhas
Gozag
Hepliaklqana
Kikubaaqudgha
Makhleb
Nemelex Xobeh
Okawaru
Qazlal
Ru
Sif Muna
Trog
Uskayaw
Vehumet
Wu Jian
Xom
Yredelemnul
Zin
The Shining One
Jiyva

Shops:
D:1 (   D:2 *   D:8 [   D:13 *   D:14 ?   Orc:1 [   Orc:2 !=[[*   Shoals:1 [[
Snake:1 [?=??   Snake:3 =   Snake:4 :

Annotations:
D:6 2 runed translucent doors
Lair:4 exclusion: oklob plant
Shoals:2 1 runed translucent door, Shayle's ghost, journeyman GnSh
Snake:4 4 exclusions


Innate Abilities, Weirdness & Mutations

You are immune to sickness and miasma.
Your stone body is resilient. (AC +14)
You are immune to poison.
Your large and strong wings let you fly.
You resist negative energy. (rN+)
You are resistant to electric shocks. (rElec)
You are resistant to unholy torment.
You are immune to petrification.


Message History

You block the harpy's attack. x2; You block the manticore's attack.
The manticore barely misses you.
The manticore claws you but does no damage.
The harpy barely misses you. The harpy claws you but does no damage.
The sea snake barely misses you. The water elemental hits you.
* * * LOW HITPOINT WARNING * * *
The water elemental engulfs you in water!
A satyr comes into view. It is wielding a +0 spear.
Activating: Cleansing Flame (1% risk of failure)
Press: ? - help, Dir - look around, f - activate The golden flame engulfs you but does no damage.
You resist.
The golden flame engulfs the water elemental!
The water elemental is lightly damaged.
The golden flame engulfs the sea snake!!!
The sea snake is severely wounded.
The golden flame engulfs the harpy!!
The harpy is almost dead.
The golden flame engulfs the harpy!!
The harpy is almost dead.
The golden flame engulfs the manticore!!
You kill the manticore!
The golden flame engulfs the sea snake!!
The sea snake is heavily wounded.
The golden flame engulfs the wind drake!!!
The wind drake is severely wounded.
You block the harpy's attack.
The harpy claws you but does no damage. x2
The harpy closely misses you. The wind drake flaps its wings at you.
The air twists around and strikes you.
* * * LOW HITPOINT WARNING * * *
The water nymph casts a spell at you. The water rises up and strikes you.
The sea snake bites you!
* * * LOW HITPOINT WARNING * * *
The sea snake bites you but does no damage.
The harpy claws you but does no damage. The harpy closely misses you.
The water engulfing you falls away. You block the harpy's attack. x2
The satyr unwields a +0 spear.
The satyr wields a +0 longbow.
The satyr shoots an arrow.
The arrow hits you!
You die...

≈≈≈≈≈≈≈≈≈≈≈≈≈≈≈
≈≈≈≈≈≈≈≈≈≈≈≈≈≈≈≈
≈≈≈≈≈≈≈≈≈≈≈≈≈≈≈≈
≈≈≈≈≈≈≈≈≈≈≈≈≈≈≈≈≈≈
#≈≈≈≈≈≈≈≈≈≈≈≈≈≈≈≈≈≈
#.~~~~~~~~~≈≈≈≈≈≈≈≈≈
#~~~~~H~~~≈≈≈≈≈≈≈≈
#~~H@S~~~~≈≈≈≈≈≈≈
~~##~SS†~~~~~≈≈≈≈≈≈
~~~#.mE~kPP~~~≈≈≈≈≈
~~H#.~..tHP.~~≈≈≈≈≈
.c#~....../~≈≈≈≈≈
~.~#.~c..##<.~≈≈≈≈≈
~m~##~~~~#...~≈≈≈≈≈
~~..+~)~.c...~≈≈≈≈≈≈
...+~~)†....~≈≈≈≈≈≈


You could see a merfolk avatar, 3 satyrs, 3 sea snakes, a snapping turtle, a
wind drake (repels missiles), a manticore, a water elemental, a water nymph and
2 harpies.

Vanquished Creatures
  Polyphemus (Shoals:3)
  Kirke (D:14)
  Gastronok (Lair:3)
  Roxanne (Shoals:1)
  Aizul (Shoals:1)
  15 nagarajas
  A fire giant (D:15)
  A frost giant (IceCv)
  An orc warlord (Orc:2)
  Nessos (D:14)
  A fire dragon (Lair:5)
  3 merfolk impalers
  A rakshasa (D:14)
  4 hydras
  3 salamander tyrants
  A vault guard (D:14)
  Harold (Lair:1)
  A radroach (shapeshifter) (D:14)
  7 anacondas
  4 catoblepae
  An alligator snapping turtle (Shoals:1)
  2 two-headed ogres
  A death knight (D:15)
  2 merfolk avatars
  An ironbound frostheart (D:14)
  2 boulder beetles
  A merfolk aquamancer (Shoals:4)
  4 centaur warriors
  16 naga warriors
  14 death yaks
  3 orc high priests (Orc:2)
  Urug (D:12)
  6 shock serpents
  17 naga sharpshooters
  7 salamander mystics
  A skeletal warrior (D:14)
  5 sea snakes
  2 skysharks (Shoals:1)
  A swamp dragon (Lair:5)
  7 naga ritualists
  19 harpies
  3 deep elf pyromancers
  8 orc knights
  5 orc sorcerers (Orc:2)
  9 mana vipers
  4 ugly things
  10 manticores
  13 fauns
  A wolf spider (D:15)
  7 cyclopes
  22 salamanders
  7 elephants
  A water nymph (Shoals:3)
  9 merfolk sirens
  A guardian serpent (shapeshifter) (D:13)
  5 guardian serpents
  16 naga magi
  A black mamba (shapeshifter) (D:14)
  An ice statue (IceCv)
  Maggie (D:9)
  46 black mambas
  A gargoyle (D:12)
  A torpor snail (Lair:3)
  13 cane toads
  6 yaktaurs
  5 rime drakes
  A kobold demonologist (D:12)
  13 komodo dragons
  2 efreet (D:14)
  2 freezing wraiths
  12 trolls
  A tarantella (shapeshifter) (D:14)
  A troll (shapeshifter) (D:13)
  2 wind drakes (Shoals:4)
  8 dream sheep
  28 merfolk
  11 polar bears
  5 snapping turtles
  10 blink frogs
  10 slime creatures
  A shadow (D:9)
  4 wraiths
  5 water elementals
  4 wyverns
  57 yaks
  3 vampires
  2 chaos spawn (D:12)
  2 humans (D:14)
  Grum (D:11)
  6 basilisks
  11 vampire mosquitoes
  Menkaure (D:4)
  3 steam dragons
  Edmund (D:6)
  47 nagas
  A warg (Orc:2)
  4 acid dragons
  11 water moccasins
  2 swamp drakes (Lair:5)
  4 black bears
  An ice beast (D:8)
  39 orc warriors
  3 sky beasts
  4 ogres
  20 centaurs
  35 wolves
  3 phantoms
  5 kobold brigands
  6 bullfrogs
  12 gnoll sergeants
  3 scorpions
  9 wights (D:9)
  9 killer bees
  5 howler monkeys
  8 electric eels
  18 orc priests
  4 hounds
  2 jellies
  8 gnoll boudas
  2 sleepcaps
  Ijyb (D:4)
  Terence (D:2)
  12 iguanas
  20 orc wizards
  Robin (D:4)
  9 adders
  41 gnolls
  A shadow imp (D:6)
  A white imp (D:6)
  6 worms
  4 dart slugs
  125 orcs
  4 bats
  7 endoplasms
  6 giant cockroaches
  18 goblins
  13 hobgoblins
  15 jackals
  2 quokkas
  4 ball pythons
  8 frilled lizards
  16 kobolds
  4 rats
1150 creatures vanquished.

Vanquished Creatures (others)
  A rakshasa (D:13)
  A naga warrior (Snake:4)
  A harpy (Shoals:4)
  A manticore (Shoals:1)
  4 humans (D:14)
  An orc priest (Orc:2)
9 creatures vanquished.

Grand Total: 1159 creatures vanquished

Notes
Turn   | Place    | Note
-------+----------+-------------------------------------------
     0 | D:1      | garrulousMonolith the Gargoyle Fighter began the quest for
                  | the Orb.
     0 | D:1      | Reached XP level 1. HP: 14/14 MP: 1/1
   125 | D:1      | Found Itah's Weapon Emporium.
   129 | D:1      | Reached XP level 2. HP: 19/19 MP: 2/2
   341 | D:1      | Reached XP level 3. HP: 23/23 MP: 3/3
  1027 | D:2      | Reached skill level 1 in Invocations
  1169 | D:2      | Noticed Terence
  1175 | D:2      | Killed Terence
  1176 | D:2      | Reached XP level 4. HP: 21/29 MP: 4/4
  1423 | D:2      | Found Rerugrop's General Store.
  1474 | D:2      | Reached XP level 5. HP: 32/33 MP: 6/6
  1477 | D:2      | Reached skill level 1 in Dodging
  1570 | D:2      | You fall into a shaft and drop 2 floors!
  1588 | D:4      | Noticed Menkaure
  1610 | D:4      | Killed Menkaure
  1611 | D:4      | Reached skill level 4 in Shields
  1611 | D:4      | Reached XP level 6. HP: 24/38 MP: 7/7
  2048 | D:3      | Found a glowing silver altar of Zin.
  2061 | D:3      | Found a radiant altar of Vehumet.
  2127 | D:3      | Became a worshipper of Zin the Law-Giver
  2127 | D:3      | Reached * piety under Zin
  2775 | D:3      | Found an opulent altar of Gozag.
  2960 | D:3      | Found a faded altar of an unknown god.
  3176 | D:4      | Identified the +2 helmet of Xaiquf {Regen+ Str+2}
  3257 | D:4      | Found a sacrificial altar of Ru.
  3295 | D:4      | Noticed Ijyb
  3305 | D:4      | Killed Ijyb
  3530 | D:4      | Noticed Robin
  3533 | D:4      | Reached XP level 7. HP: 44/44 MP: 8/8
  3542 | D:4      | Killed Robin
  3805 | D:4      | Found a staircase to the Ecumenical Temple.
  3906 | Temple   | Entered the Ecumenical Temple
  3912 | Temple   | Fell from the grace of Zin
  3912 | Temple   | Became a worshipper of the Shining One
  4084 | D:4      | Found a stormy altar of Qazlal.
  4186 | D:5      | Entered Level 5 of the Dungeon
  4493 | D:5      | Reached skill level 5 in Maces & Flails
  4498 | D:5      | Reached XP level 8. HP: 48/48 MP: 10/10
  4506 | D:5      | Reached skill level 5 in Fighting
  4571 | D:5      | Reached skill level 5 in Shields
  4841 | D:6      | Reached skill level 5 in Armour
  5384 | D:6      | Found a sparkling altar of Nemelex Xobeh.
  5460 | D:6      | Found a large runed translucent door.
  5461 | D:6      | Found a large runed translucent door.
  5784 | D:6      | Noticed Edmund
  5797 | D:6      | Killed Edmund
  6014 | D:6      | Found an iron altar of Okawaru.
  6014 | D:6      | Found a shimmering blue altar of Sif Muna.
  6353 | D:7      | Reached XP level 9. HP: 55/55 MP: 12/12
  6425 | D:7      | Reached skill level 6 in Shields
  6494 | D:7      | Reached * piety under the Shining One
  6921 | D:8      | Reached skill level 5 in Invocations
  7016 | D:8      | Found a hide-covered altar of Uskayaw.
  7127 | D:8      | Found Teshub's Dragon-Slaying Spoils.
  7233 | D:8      | Reached XP level 10. HP: 61/61 MP: 14/14
  7269 | D:8      | Found a flagged portal.
  7289 | Bailey   | Entered a bailey
  7510 | Bailey   | Reached ** piety under the Shining One
  7516 | Bailey   | Reached skill level 7 in Shields
  7951 | Bailey   | Identified the +0 robe "Veopiuni" {Int+4}
  8723 | D:9      | Reached *** piety under the Shining One
  8905 | D:9      | Found a broken altar of Ashenzari.
  9020 | D:9      | Noticed Maggie
  9032 | D:9      | Killed Maggie
  9079 | D:9      | Reached XP level 11. HP: 61/68 MP: 16/16
  9413 | D:10     | Entered Level 10 of the Dungeon
  9712 | D:10     | Found an ornate altar of the Wu Jian Council.
  9950 | D:10     | Identified the +7 demon blade "Dixeopny" {venom, Dex+4
                  | Stlth+}
  9993 | D:10     | Reached skill level 8 in Shields
 10027 | D:10     | Found a blossoming altar of Fedhas.
 10069 | D:10     | Reached **** piety under the Shining One
 10295 | D:10     | Found a staircase to the Orcish Mines.
 10358 | D:10     | Reached skill level 10 in Maces & Flails
 10785 | D:11     | Noticed a manticore
 10788 | D:11     | Noticed Grum
 10804 | D:10     | Killed a manticore
 10823 | D:11     | Killed Grum
 10884 | D:11     | Noticed a two-headed ogre
 10892 | D:11     | Killed a two-headed ogre
 10959 | D:11     | Found a staircase to the Lair.
 10966 | D:11     | Got the Anthology of Striking
 11325 | Lair:1   | Entered Level 1 of the Lair of Beasts
 11348 | Lair:1   | Noticed Harold
 11358 | Lair:1   | Killed Harold
 11440 | Lair:1   | Reached XP level 12. HP: 62/76 MP: 18/18
 11623 | Lair:1   | Reached skill level 9 in Shields
 12340 | Lair:2   | Noticed a death yak
 12374 | Lair:2   | Noticed a death yak
 12392 | Lair:2   | Noticed a death yak
 12403 | Lair:2   | Killed a death yak
 12462 | Lair:2   | Found a staircase to the Shoals.
 12565 | Lair:2   | Reached skill level 10 in Fighting
 12576 | Lair:2   | Found a staircase to the Snake Pit.
 12729 | Lair:2   | Reached skill level 10 in Armour
 13031 | Lair:2   | Killed a death yak
 13032 | Lair:2   | Reached skill level 10 in Shields
 13044 | Lair:2   | Killed a death yak
 13045 | Lair:2   | Reached XP level 13. HP: 57/82 MP: 19/19
 13608 | Lair:3   | Noticed Gastronok
 13622 | Lair:3   | Killed Gastronok
 14204 | Lair:4   | Reached ***** piety under the Shining One
 14269 | Lair:4   | Found a viscous altar of Jiyva.
 14270 | Lair:4   | Found a staircase to the Slime Pits.
 14556 | Lair:4   | Reached skill level 10 in Invocations
 15497 | Lair:5   | Entered Level 5 of the Lair of Beasts
 15579 | Lair:5   | Reached skill level 11 in Shields
 15599 | Lair:5   | Found a frozen archway.
 15608 | Lair:5   | Gained mutation: Your large and strong wings let you fly.
                  | [Gargoyle growth]
 15608 | Lair:5   | Reached XP level 14. HP: 53/90 MP: 21/21
 15615 | IceCv    | Entered an ice cave
 16121 | IceCv    | Noticed a frost giant
 16141 | IceCv    | Killed a frost giant
 16363 | IceCv    | Identified a scroll of acquirement
 16619 | Lair:5   | Acquired 886 gold pieces
 17408 | Lair:5   | Reached skill level 15 in Maces & Flails
 17490 | Lair:5   | Identified the +6 mace of Dissent {protect, Stlth+}
 17892 | D:12     | Noticed Urug
 17899 | D:12     | Reached skill level 12 in Shields
 17904 | D:12     | Reached XP level 15. HP: 96/96 MP: 23/23
 17910 | D:12     | Killed Urug
 18089 | D:12     | Found a shimmering altar of Xom.
 18092 | D:12     | Found the +7 mace of Variability {chaos, chaos arc}
 18270 | D:8      | Bought +1 gold dragon scales for 870 gold pieces
 18718 | D:13     | Found Ptawiytz's Practical Paraphernalia.
 18908 | D:13     | Identified the +7 rapier "Mimor" {flame, rCorr Dex+2}
 19311 | D:14     | Noticed Kirke
 19311 | D:14     | Reached ****** piety under the Shining One
 19321 | D:14     | Killed Kirke
 19493 | D:14     | Identified the +7 morningstar of Sinyap {heavy, rN+ Str+4}
 19568 | D:14     | Found Gaax's Magic Scroll Shop.
 19580 | D:14     | Bought a scroll of teleportation for 39 gold pieces
 19707 | D:14     | Noticed Nessos
 19720 | D:14     | Killed Nessos
 19827 | D:14     | Found a gate to the Vaults.
 20588 | D:15     | Entered Level 15 of the Dungeon
 20844 | D:15     | Found a staircase to the Depths.
 20845 | D:15     | Noticed a fire giant
 20856 | D:15     | Killed a fire giant
 20888 | D:15     | Identified the amulet of Zulimaq {Reflect Rampage Will+
                  | SH+5 SInv}
 21512 | Orc:1    | Entered Level 1 of the Orcish Mines
 21512 | Orc:1    | Found a radiant altar of Vehumet.
 21540 | Orc:1    | Found Ovovibbo's Antique Armour Emporium.
 21867 | Orc:1    | Reached skill level 13 in Shields
 21906 | Orc:1    | Reached XP level 16. HP: 48/104 MP: 25/25
 22136 | Orc:1    | Bought an embroidered cloak for 247 gold pieces
 22144 | Orc:2    | Entered Level 2 of the Orcish Mines
 22144 | Orc:2    | Found Kics's Assorted Antiques.
 22217 | Orc:2    | Found a staircase to the Elven Halls.
 22408 | Orc:2    | Found Vimov's Distillery.
 22500 | Orc:2    | Found Kizeh's Armour Shoppe.
 22505 | Orc:2    | Found Hugg's Armour Shoppe.
 22513 | Orc:2    | Found Rubasoc's Jewellery Boutique.
 22555 | Orc:2    | Paralysed by an orc sorcerer for 3 turns
 23062 | Orc:2    | Bought the ring of Patid {+Blink rCorr Dex+6 Stlth+} for
                  | 876 gold pieces
 23252 | Snake:1  | Entered Level 1 of the Snake Pit
 23252 | Snake:1  | Found Poaptaur's Jewellery Shop.
 23258 | Snake:1  | Found Qeor's Magic Scroll Shop.
 23271 | Snake:1  | Bought a scroll of enchant weapon for 105 gold pieces
 23302 | Snake:1  | Found Kadus's Magic Scroll Shop.
 23306 | Snake:1  | Bought a scroll of blinking for 150 gold pieces
 23306 | Snake:1  | Bought a scroll of blinking for 150 gold pieces
 23313 | Snake:1  | Found Papnec's Magic Scroll Shoppe.
 23542 | Snake:1  | Learned a level 1 spell: Apportation
 23773 | Snake:1  | Found Roteiloudd's Antique Armour Boutique.
 24501 | Snake:2  | Found a shimmering blue altar of Sif Muna.
 24755 | Snake:2  | Reached skill level 14 in Shields
 25321 | Snake:3  | Found Seis's Jewellery Boutique.
 25349 | Snake:3  | HP: 4/107 [naga warrior/+0 halberd (32)]
 25353 | Snake:3  | Reached XP level 17. HP: 28/112 MP: 12/27
 26167 | Snake:4  | Entered Level 4 of the Snake Pit
 26177 | Snake:4  | Reached skill level 15 in Shields
 26295 | Snake:4  | Reached skill level 15 in Armour
 26297 | Snake:4  | Reached skill level 15 in Fighting
 26586 | Snake:4  | Found Dih Edghetzao's Book Shoppe.
 27091 | Snake:4  | Got a serpentine rune of Zot
 27197 | Snake:4  | Reached skill level 5 in Dodging
 27197 | Snake:4  | Reached skill level 16 in Shields
 27235 | Snake:4  | Reached XP level 18. HP: 119/119 MP: 29/29
 27685 | Shoals:1 | Entered Level 1 of the Shoals
 27686 | Shoals:1 | Noticed Aizul
 27695 | Shoals:1 | Reached skill level 15 in Invocations
 27707 | Shoals:1 | Killed Aizul
 27846 | Shoals:1 | Found Fopsef's Armour Shop.
 28092 | Shoals:1 | Found a radiant altar of Vehumet.
 28190 | Shoals:1 | Found Nerinank's Antique Armour Shoppe.
 28195 | Shoals:1 | Noticed Roxanne
 28528 | Shoals:1 | Killed Roxanne
 28575 | Shoals:2 | Found a runed translucent door.
 28575 | Shoals:2 | Noticed Shayle's ghost (journeyman GnSh)
 28906 | Shoals:2 | Reached skill level 17 in Shields
 28933 | Shoals:2 | Found a gateway to a bazaar.
 28972 | Bazaar   | Entered a bazaar
 28975 | Bazaar   | Found Buel's Jewellery Boutique.
 28978 | Bazaar   | Found Lomicia's Magic Scroll Shop.
 28983 | Bazaar   | Found Juf Cedgh's Assorted Antiques.
 28983 | Bazaar   | Found Keuny's Antique Weapon Shop.
 29177 | Bazaar   | Bought a pitted morningstar for 162 gold pieces
 29177 | Bazaar   | Identified the +8 morningstar "Lejadi" {heavy, Will++ Str-5
                  | Int+3} (You bought it in a shop in a bazaar)
 29198 | Bazaar   | Bought a condenser vane for 1080 gold pieces
 29565 | Snake:1  | Bought a scroll of teleportation for 60 gold pieces
 29565 | Snake:1  | Bought a scroll of brand weapon for 190 gold pieces
 29565 | Snake:1  | Bought a scroll of teleportation for 60 gold pieces
 29565 | Snake:1  | Bought a scroll of enchant armour for 150 gold pieces
 30076 | Shoals:3 | Noticed Polyphemus
 30098 | Shoals:3 | Killed Polyphemus
 30485 | Shoals:4 | Entered Level 4 of the Shoals
 30546 | Shoals:4 | Reached XP level 19. HP: 75/125 MP: 14/30
 30566 | Shoals:4 | Shot with an arrow by a satyr

Illustrated notes

Levels and vault maps discovered:
D:1:      minmay_arrival_doors, layout_basic, serial_shops, shop
D:2:      layout_rooms, serial_shops, shop, uniq_terence
D:3:      wander_river, layout_loops_ring, nicolae_vehumet_altar_sigil,
          mainiacjoe_overflow_surrounded_room, grunt_gozag_breadcrumbs,
          nicolae_ecumenical_lake_church
D:4:      layout_gridville, mainiacjoe_overflow_paths,
          mainiacjoe_overflow_alcove_2, lemuel_temple_firewalk_b,
          hangedman_decor_push, uniq_ijyb, uniq_menkaure, uniq_robin
D:5:      layout_loops_ring
D:6:      layout_layer_cave, jmf_multi_god_temple2,
          gammafunk_temple_overflow_statue, nemelex_dance_club_becter,
          uniq_edmund
D:7:      layout_rooms
D:8:      layout_cave_pods, kennysheep_mini_moat, enter_bailey_5,
          nicolae_shop_dragon_depot
D:9:      layout_long_grid, cheibrodos_ashenzari_chains, uniq_maggie
D:10:     layout_layer_cave, mainiacjoe_overflow_chevrons,
          mainiacjoe_overflow_boulevard, hiddenorc2_lemuel
D:11:     layout_cave_pools, lair_entry_dummy, uniq_grum
D:12:     layout_rooms, minmay_guarded_unrand_variability, uniq_urug
D:13:     layout_long_grid, serial_rivers, chequers_serial_rivers_micro_c,
          chequers_serial_rivers_room_b, chequers_serial_rivers_micro_b,
          chequers_serial_rivers_room_a, chequers_serial_rivers_room_a,
          nicolae_alphabet_shops, lemuel_flamethrower_2
D:14:     kennysheep_scales, layout_basic, hellmonk_vaults_keyhole,
          hangedman_decor_slide_cut, serial_shops, nicolae_shop_rolling_square,
          hangedman_fish_farm, uniq_kirke, uniq_nessos
D:15:     grunt_enter_depths_giant_problem, layout_basic,
          chequers_serial_rivers_small_3
Temple:   hellmonk_temple_two_chambers
Lair:1:   layout_small_grid, grunt_megastairs_5, uniq_harold
Lair:2:   layout_hall_layers, nicolae_shoals_entry_roost,
          minmay_snake_entry_guardpost_medium, infiniplex_staircase_pool,
          lemuel_fruit_tree, grunt_megastairs_3
Lair:3:   layout_loops_ring, uniq_gastronok
Lair:4:   layout_regular_city, minmay_slime_entry_pillars,
          gammafunk_lair_bear_cave, grunt_megastairs_4
Lair:5:   hangedman_lair_in_review, layout_regular_city,
          guppyfry_lair_end_dragon, portal_ice_cave_rime
Shoals:1: layout_shoals, serial_shops, shop, shop, lemuel_centaur_altar,
          uniq_aizul, uniq_roxanne
Shoals:2: layout_shoals, hellmonk_ghost_happy_afterlife, serial_shops,
          bzr_entry_islet
Shoals:3: layout_shoals, uniq_polyphemus
Shoals:4: shoals_end_hellmonk_lost_city, serial_shops
Snake:1:  layout_chambers, serial_shops, nicolae_shop_pleasant_corner_grove,
          shop, nicolae_shop_window_shopping, nicolae_shop_statue_plus,
          nicolae_shop_statue_plus
Snake:2:  layout_onion, basic_altar
Snake:3:  layout_gridlike, minmay_shop_star
Snake:4:  grunt_snake_rune_spirals, layout_onion_interference, serial_shops,
          shop
Orc:1:    layout_diamond_mine, special_room [special_room_orc], basic_altar,
          serial_shops, nicolae_shop_gibbet_a_chance
Orc:2:    st_orc_elflike, layout_caves, basic_altar, serial_shops, shop,
          minmay_orc_barracks

Skill      XL: |  1  2  3  4  5  6  7  8  9 10 11 12 13 14 15 16 17 18 |
---------------+-------------------------------------------------------+-----
Invocations    | 1 2 3 4 5 6 8 9 10 11 12 13 14 15 | 15.5
Maces & Flails | 3 4 5 6 7 9 11 12 13 15 16 | 16.0
Dodging        | 1 2 3 5 6 |  6.5
Fighting       | 4 5 6 8 9 10 11 12 13 14 15 16 | 16.2
Armour         | 4 5 6 7 9 10 11 12 13 14 15 16 | 16.3
Shields        | 4 5 6 7 8 10 11 12 13 14 16 17 | 17.6

Action                     |  1- 3 |  4- 6 |  7- 9 | 10-12 | 13-15 | 16-18 | 19-21 || total
---------------------------+-------+-------+-------+-------+-------+-------+-------++-------
  Melee: Flail             |   104 |    74 |       |       |       |       |       ||   178
         Falchion          |       |   162 |   389 |   239 |       |       |       ||   790
         Morningstar       |       |       |       |   457 |   436 |       |       ||   893
         Unarmed           |       |       |       |     4 |       |       |       ||     4
         Eveningstar       |       |       |       |       |   620 |  1163 |    13 ||  1796
  Throw: Dart              |       |       |       |       |       |     5 |       ||     5
 Invoke: Divine Shield     |       |       |       |     1 |     2 |     1 |       ||     4
         Cleansing Flame   |       |       |       |       |     3 |    22 |     3 ||    28
  Evoke: Wand              |       |     1 |       |     6 |       |     6 |       ||    13
         Condenser vane    |       |       |       |       |       |     1 |       ||     1
         Lightning rod     |       |       |       |       |       |       |     2 ||     2
    Use: Potion            |     1 |     6 |     2 |     3 |     4 |     2 |     1 ||    19
         Scroll            |       |    12 |     7 |     5 |    11 |     7 |       ||    42
   Stab: Distracted        |       |     1 |       |       |       |       |       ||     1
 Armour: Scale mail        |    71 |       |       |       |       |       |       ||    71
         Chain mail        |       |   160 |   173 |       |       |       |       ||   333
         Plate armour      |       |       |   125 |   410 |   140 |       |       ||   675
         Skin              |       |       |       |     3 |       |       |       ||     3
         Crystal plate arm |       |       |       |       |   148 |       |       ||   148
         Gold dragon scale |       |       |       |       |   162 |   564 |    34 ||   760
  Dodge: Dodged            |    54 |   114 |   182 |   256 |   218 |   164 |    13 ||  1001
  Block: Buckler           |    24 |    80 |   287 |   551 |   498 |       |       ||  1440
         Reflection        |       |       |     8 |    11 |    41 |   184 |     1 ||   245
         Other             |       |       |       |     4 |     1 |       |       ||     5
         Tower shield      |       |       |       |       |   194 |  1398 |    43 ||  1635

Table legend: (Time is in decaauts)
 A = Elapsed time spent in this place.
 B = Non-inter-level travel time spent in this place.
 C = Inter-level travel time spent in this place.
 D = Time resting spent in this place.
 E = Time spent auto-exploring this place.
 F = Levels seen in this place.
 G = Mean time per level.
                   A        B        C        D        E       F      G
               +--------+--------+--------+--------+--------+-----+--------+
         Total |  30574 |  28657 |   1917 |   2743 |  18699 |  34 |  899.2 |
       Dungeon |  14674 |  13734 |    940 |   1383 |   9124 |  15 |  978.3 |
        Temple |     26 |     24 |      2 |      0 |      0 |   1 |   26.0 |
          Lair |   5553 |   5044 |    509 |    472 |   3413 |   5 | 1110.6 |
        Shoals |   2438 |   2338 |    100 |     47 |   1762 |   4 |  609.5 |
     Snake Pit |   4333 |   4103 |    230 |    510 |   2586 |   4 | 1083.2 |
  Orcish Mines |   1610 |   1476 |    134 |     43 |   1036 |   2 |  805.0 |
        Bazaar |    256 |    256 |      0 |      0 |    171 |   1 |  256.0 |
        Bailey |    839 |    839 |      0 |    189 |    215 |   1 |  839.0 |
      Ice Cave |    840 |    840 |      0 |     99 |    391 |   1 |  840.0 |
               +--------+--------+--------+--------+--------+-----+--------+

Top non-repeatable levels by time:
     D:6: 1577 daAuts
    D:10: 1510 daAuts
 Snake:4: 1345 daAuts
    D:14: 1273 daAuts
  Lair:4: 1260 daAuts
 Snake:3: 1219 daAuts
  Lair:5: 1213 daAuts
     D:4: 1208 daAuts
  Lair:1: 1111 daAuts
     D:2: 1070 daAuts
     D:8: 1063 daAuts
     D:1: 1035 daAuts
 Snake:1: 1007 daAuts
  Lair:3: 994 daAuts
     D:3: 983 daAuts
